 Dungeon Crawl Stone Soup version 0.16-a0-3153-gc6d0c83 (webtiles) character file.

10663 Ololoev the Carver (level 11, 0/75 HPs)
             Began as a Mummy Chaos Knight on Dec 15, 2014.
             Was a Plaything of Xom.
             Slain by an unseen horror (6 damage)
             ... on level 1 of the Lair of Beasts.
             The game lasted 00:58:19 (15244 turns).

Ololoev the Carver (Mummy Chaos Knight)            Turns: 15244, Time: 00:58:19

Health: 0/75       AC: 22    Str: 18    XL:     11   Next: 39%
Magic:  0/22       EV: 13    Int: 11    God:    Xom [.....*]
Gold:   561        SH:  0    Dex: 11    Spells: 1 memorised, 9 levels left

rFire  . . .     SeeInvis .     n - +4 falchion (protect)
rCold  + . .     Clarity  .     p - +3 scale mail
rNeg   + + +     SustAb   .     (no shield)
rPois  ∞         Gourm    .     b - +1 helmet
rElec  .         Spirit   +     (no cloak)
rCorr  .         Warding  .     i - +2 pair of gloves
rMut   .         Stasis   .     v - +0 pair of boots of Khoij {Slay+4}
MR     +....                    y - amulet of guardian spirit
Stlth  ..........               r - +4 ring of evasion
                                g - ring of protection from fire

@: somewhat resistant to hostile enchantments, extremely unstealthy
A: no food or potions, fire vulnerability, restore body, cold resistance 1,
negative energy resistance 3, poison resistance, torment resistance, unbreathing
a: Renounce Religion


You were on level 1 of the Lair of Beasts.
You worshipped Xom.
You were Xom's teddy bear.
You were not hungry.

You visited 2 branches of the dungeon, and saw 11 of its levels.
You also visited: Ossuary.

You collected 649 gold pieces.
You spent 88 gold pieces at shops.

Notes
Turn   | Place    | Note
--------------------------------------------------------------
     0 | D:1      | Ololoev, the Mummy Chaos Knight, began the quest for the Orb.
     0 | D:1      | Reached XP level 1. HP: 18/18 MP: 1/1
    51 | D:1      | XOM: divination: detect items
   206 | D:1      | Reached XP level 2. HP: 24/24 MP: 2/2
   231 | D:1      | XOM: harmless Chrm miscast
   765 | D:1      | Reached XP level 3. HP: 29/29 MP: 3/3
   837 | D:1      | XOM: divination: detect creatures
  1042 | D:2      | Found an opulent altar of Gozag.
  1042 | D:2      | Found a sparkling altar of Nemelex Xobeh.
  1069 | D:2      | XOM: silly message
  1079 | D:2      | Found a deep blue altar of Sif Muna.
  1083 | D:2      | Identified Sif Muna's Handbook of Conjuration
  1087 | D:2      | Found an ancient bone altar of Kikubaaqudgha.
  1091 | D:2      | Identified Kikubaaqudgha's Collected Works on Black Secrets
  1095 | D:2      | Found a radiant altar of Vehumet.
  1099 | D:2      | Identified Vehumet's Almanac of Confrontation
  1102 | D:2      | Learned a level 1 spell: Magic Dart
  1175 | D:2      | XOM: 5-stop teleportation journey
  1242 | D:2      | XOM: butterfly on damage
  1380 | D:2      | XOM: fog
  1510 | D:2      | Reached XP level 4. HP: 27/35 MP: 4/4
  1523 | D:2      | Found a blossoming altar of Fedhas.
  1623 | D:2      | Found a sparkling altar of Nemelex Xobeh.
  1628 | D:2      | Found a shattered altar of Ashenzari.
  1792 | D:2      | XOM: silly message
  1908 | D:2      | XOM: medium Pois miscast
  1919 | D:2      | XOM: colour smoke trail
  2115 | D:2      | XOM: mild Fire miscast
  2116 | D:2      | Noticed a fire vortex
  2191 | D:3      | Reached skill level 1 in Evocations
  2214 | D:3      | XOM: confusion (+ monsters)
  2250 | D:3      | XOM: colour smoke trail
  2335 | D:2      | XOM: medium Chrm miscast
  2395 | D:3      | XOM: colour smoke trail
  2473 | D:3      | XOM: medium Conj miscast
  2495 | D:3      | XOM: 1-stop teleportation journey
  2496 | D:3      | Noticed Natasha
  2502 | D:3      | Killed Natasha
  2502 | D:3      | Reached skill level 4 in Long Blades
  2502 | D:3      | Reached XP level 5. HP: 14/41 MP: 6/6
  3182 | D:3      | XOM: mild Trmt miscast
  3206 | D:3      | Noticed Natasha
  3217 | D:3      | Killed Natasha
  3658 | D:3      | Noticed Natasha
  3669 | D:3      | Killed Natasha
  3934 | D:4      | XOM: cast spell 'Cause Fear'
  4013 | D:4      | Found a staircase to the Ecumenical Temple.
  4015 | D:4      | XOM: enchant monster (good)
  4066 | D:4      | XOM: confuse monster(s)
  4076 | D:4      | Reached XP level 6. HP: 36/47 MP: 8/8
  4153 | D:4      | XOM: silly message
  4493 | D:4      | XOM: silly message
  4871 | D:4      | XOM: harmless Pois miscast
  5016 | D:4      | XOM: cast spell 'Flight'
  5253 | D:4      | Reached skill level 5 in Long Blades
  5352 | D:5      | Entered Level 5 of the Dungeon
  5437 | D:5      | Reached XP level 7. HP: 42/52 MP: 10/10
  5492 | D:5      | Found a sand-covered staircase.
  5492 | D:5      | Noticed Ijyb
  5492 | D:5      | Paralysed by Ijyb for 2 turns
  5495 | D:5      | Paralysed by Ijyb for 2 turns
  5499 | D:5      | Paralysed by Ijyb for 4 turns
  5508 | D:5      | Killed Ijyb
  5512 | Ossuary  | Entered an ossuary
  5726 | Ossuary  | XOM: god gift: 37 gold pieces
  5806 | Ossuary  | XOM: noise
  5814 | Ossuary  | XOM: cast spell 'Cause Fear'
  5926 | Ossuary  | Reached skill level 6 in Long Blades
  6134 | D:5      | XOM: harmless Erth miscast
  6138 | D:5      | XOM: noise
  6206 | D:5      | Reached XP level 8. HP: 58/58 MP: 13/13
  6452 | D:5      | Found Styv's Weapon Shoppe.
  6557 | D:5      | XOM: cast spell 'Summon Small Mammal'
  6559 | D:5      | XOM: confuse monster(s)
  6830 | D:5      | Found a basalt altar of Yredelemnul.
  6922 | D:5      | XOM: harmless Divn miscast
  7258 | D:6      | Found a sacrificial altar of Ru.
  7295 | D:6      | Reached skill level 7 in Long Blades
  7476 | D:6      | XOM: medium Chrm miscast
  7705 | D:6      | XOM: silly message
  7762 | D:6      | Found a snail-covered altar of Cheibriados.
  7800 | D:6      | Found a burning altar of Makhleb.
  7955 | D:6      | Reached skill level 5 in Evocations
  8005 | D:6      | XOM: harmless Necr miscast
  8047 | D:6      | XOM: divination: magic mapping
  8057 | D:6      | XOM: colour smoke trail
  8091 | D:6      | XOM: harmless Hex miscast
  8206 | D:6      | XOM: mild Fire miscast
  8207 | D:6      | Noticed a fire vortex
  8207 | D:6      | Noticed a fire vortex
  8215 | D:6      | Killed a fire vortex
  8397 | D:6      | XOM: god gift: scroll labeled HANEITHREOZO
  8499 | D:7      | Reached skill level 8 in Long Blades
  8596 | D:7      | XOM: destruction
  8704 | D:7      | Reached XP level 9. HP: 54/63 MP: 17/17
  8893 | D:7      | XOM: noise
  8943 | D:7      | Found a bloodstained altar of Trog.
  9153 | D:7      | XOM: fog
  9175 | D:7      | XOM: confusion
  9180 | D:7      | XOM: harmless Pois miscast
  9241 | D:7      | XOM: colour smoke trail
  9468 | D:7      | XOM: colour smoke trail
  9901 | D:8      | XOM: enchant monster (bad)
  9939 | D:8      | XOM: god gift: phantom mirror
  9991 | D:8      | Found Kaqiamist's General Store.
  9997 | D:8      | Bought a scroll of amnesia for 56 gold pieces
  9997 | D:8      | Bought a scroll of identify for 32 gold pieces
 10025 | D:8      | XOM: mild Summ miscast
 10426 | D:8      | XOM: medium Ice miscast
 10556 | D:9      | Noticed Pikel
 10571 | D:8      | Killed Pikel
 10571 | D:8      | Reached skill level 9 in Long Blades
 10626 | D:9      | Noticed haldagan's ghost (experienced OpFi)
 10755 | D:9      | Killed haldagan's ghost
 10965 | D:9      | Found a bloodstained altar of Trog.
 11145 | D:9      | XOM: 1-stop teleportation journey
 11146 | D:9      | XOM: confuse monster(s)
 11153 | D:9      | Reached XP level 10. HP: 63/70 MP: 20/20
 11157 | D:9      | XOM: mild Chrm miscast
 11162 | D:9      | Reached skill level 10 in Long Blades
 11179 | D:9      | XOM: confuse monster(s)
 11203 | D:9      | XOM: harmless Summ miscast
 11320 | D:9      | XOM: scenery: 1 doors open
 11325 | D:9      | Noticed a three-headed hydra
 11330 | D:9      | XOM: divination: detect creatures
 11332 | D:9      | Killed a one-headed hydra
 11544 | D:9      | Got an iridescent halberd
 11546 | D:9      | Identified the cursed +2 halberd "Akhown" {freeze, rF+ MR+} (You found it on level 9 of the Dungeon)
 11615 | D:9      | Identified a scroll of acquirement
 11616 | D:9      | Got a pair of faintly glowing boots
 11763 | D:8      | XOM: colour smoke trail
 11844 | D:8      | Identified the +0 pair of boots of Khoij {Slay+4} (You acquired it on level 9 of the Dungeon)
 12041 | D:9      | XOM: divination: detect creatures
 12063 | D:9      | Found an iron altar of Okawaru.
 12143 | D:9      | XOM: colour smoke trail
 12342 | D:9      | XOM: harmless Ice miscast
 12450 | D:10     | Entered Level 10 of the Dungeon
 12458 | D:10     | Found a staircase to the Lair.
 12476 | D:10     | XOM: enchant monster (bad)
 12496 | D:10     | XOM: polymorph river rat -> rat
 12555 | D:10     | Reached skill level 11 in Long Blades
 13190 | D:10     | Found a white marble altar of Elyvilon.
 13245 | D:10     | XOM: enchant monster (bad)
 13255 | D:10     | Found a runed door.
 13256 | D:10     | Found a sacrificial altar of Ru.
 13268 | D:10     | Found a deep blue altar of Sif Muna.
 13362 | D:10     | Found a shattered altar of Ashenzari.
 13397 | D:10     | Found a shimmering altar of Xom.
 13408 | D:10     | Found a glowing golden altar of the Shining One.
 13410 | D:10     | XOM: blink monster(s)
 13490 | D:10     | Noticed a flayed ghost
 13496 | D:10     | XOM: silly message
 13500 | D:10     | Killed a flayed ghost
 13500 | D:10     | Reached XP level 11. HP: 52/75 MP: 15/22
 13688 | D:10     | Noticed a hill giant
 13690 | D:10     | XOM: confuse monster(s)
 13699 | D:10     | Killed a hill giant
 13736 | D:10     | XOM: harmless Pois miscast
 13775 | Lair:1   | Entered Level 1 of the Lair of Beasts
 13775 | Lair:1   | Noticed a seven-headed hydra
 13778 | D:10     | XOM: confuse monster(s)
 13793 | D:10     | Killed a one-headed hydra
 13793 | D:10     | Reached skill level 5 in Armour
 13816 | Lair:1   | XOM: divine lightning
 13819 | Lair:1   | Noticed a spriggan rider
 13822 | Lair:1   | XOM: summons friendly shadow imp
 13825 | Lair:1   | Killed a yellow wasp
 13825 | Lair:1   | XOM: divine lightning
 13826 | Lair:1   | Killed a spriggan
 14199 | Lair:1   | Reached skill level 12 in Long Blades
 14317 | Lair:1   | XOM: fog
 14336 | Lair:1   | XOM: 4-stop teleportation journey
 14412 | Lair:1   | XOM: enchant monster (good)
 14475 | Lair:1   | XOM: god gift: thick smoking rod {god gift}
 14479 | Lair:1   | Identified a +4 rod of ignition (9/9) (Xom gifted it to you on level 1 of the Lair of Beasts)
 14542 | D:10     | Killed an unseen horror
 14629 | D:10     | XOM: god gift: 25 gold pieces
 14790 | Lair:1   | XOM: 4-stop teleportation journey
 14823 | Lair:1   | XOM: swap monsters
 14845 | Lair:1   | XOM: 1-stop teleportation journey
 14888 | Lair:1   | XOM: polymorph spiny frog -> something unseen
 14919 | Lair:1   | XOM: 3-stop teleportation journey
 15244 | Lair:1   | Slain by an unseen horror

Inventory:

Hand weapons
 n - a +4 falchion of protection (weapon)
 w - a +1 long sword of freezing
 D - a +1 great sword of flaming
Armour
 b - a +1 helmet (worn)
 i - a +2 pair of gloves (worn)
 p - a +3 scale mail (worn)
 v - the +0 pair of boots of Khoij (worn) {Slay+4}
   (You acquired it on level 9 of the Dungeon)

   It affects your accuracy and damage with ranged weapons and melee attacks
   (+4).
Rods
 C - a +4 rod of ignition (9/9)
   (Xom gifted it to you on level 1 of the Lair of Beasts)
Jewellery
 g - a ring of protection from fire (left hand)
 q - an uncursed amulet of resist mutation
 r - a +4 ring of evasion (right hand)
 y - an amulet of guardian spirit (around neck)
Magical devices
 a - a wand of hasting (3)
 o - a wand of enslavement (14)
 u - a wand of frost (32)
 x - a wand of cold (5)
 z - a wand of teleportation (2)
Scrolls
 c - 3 scrolls of blinking
 e - a scroll of summoning
 f - 5 scrolls of fear
 h - 3 scrolls of amnesia
 j - 6 scrolls of teleportation
 k - a scroll of immolation
 l - 2 scrolls of recharging
 m - a scroll of magic mapping
 s - a scroll of vulnerability {unknown}
 B - 3 scrolls of identify
Books
 d - an Akashic Record {highlevel, unknown}

   This book is beyond your current level of understanding.

   Spells                             Type                      Level
   a - Dispersal                      Translocation                6
   b - Controlled Blink               Translocation                7
   c - Malign Gateway                 Summoning/Translocation      7
   d - Disjunction                    Translocation                8
   e - Singularity                    Translocation                9
Miscellaneous
 t - a phantom mirror
 A - a disc of storms

Table legend:
 A = Turns spent in this place as a percentage of turns spent in the entire game.
 B = Non-inter-level travel turns spent in this place as a percentage of non-inter-level travel turns spent in the entire game.
 C = Inter-level travel turns spent in this place as a percentage of turns spent in this place.
 D = Turns resting spent in this place as a percentage of non-inter-level travel turns spent in this place.
 E = Turns spent auto-exploring this place as a percentage of non-inter-level travel turns spent in this place.
 F = Non-inter-level travel turns spent in this place divided by the number of levels of this place that you've seen.
                   A       B       C       D       E      F
               +-------+-------+-------+-------+-------+----------------------
         Total | 100.0 | 100.0 |   0.4 |   4.5 |   8.3 | 417.9
       Dungeon |  87.3 |  87.3 |   0.4 |   4.5 |   8.5 | 437.6
          Lair |   6.3 |   6.3 |   0.9 |   4.8 |   9.5 | 315.0
       Ossuary |   6.4 |   6.5 |   0.0 |   4.6 |   4.0 | 324.0
               +-------+-------+-------+-------+-------+----------------------


   Skills:
 - Level 3.0 Fighting
 * Level 12.2 Long Blades
 + Level 5.5 Armour
 - Level 0.7 Dodging
 - Level 8.0 Evocations


You had 9 spell levels left.
You knew the following spells:

 Your Spells              Type           Power        Failure   Level  Hunger
a - Magic Dart            Conj           #...         75%         1    N/A

Dungeon Overview and Level Annotations

Branches:
Dungeon (10/15)            Temple (0/1) D:4            Lair (1/8) D:10
    Orc: D:9-12

Altars:
Ashenzari
Cheibriados
Elyvilon
Fedhas
Gozag
Kikubaaqudgha
Makhleb
Nemelex Xobeh
Okawaru
Ru
Sif Muna
Trog
Vehumet
Xom
Yredelemnul
The Shining One

Shops:
D:5 (   D:8 *

Annotations:
D:10 runed door


Innate Abilities, Weirdness & Mutations

You do not eat or drink.
Your flesh is vulnerable to fire.
Your flesh is cold resistant.
You are immune to negative energy.
Your system is resistant to poisons.
You are immune to unholy pain and torment.
You can survive without breathing.


Message History

Something hits you but does no damage. Something hits you.
Something hits you but does no damage. x2
Something hits you but does no damage. Something hits you but does no damage.
You barely miss something. Something completely misses you.
Something hits you but does no damage. Something hits you.
Something hits you but does no damage. Something hits you but does no damage.
Something hits you but does no damage. Something barely misses you.
Your scale mail prevents you from hitting something.
Something hits you but does no damage. x2
You hit something. Something hits you but does no damage.
You closely miss something. Something hits you.
You hit something but do no damage. Something hits you but does no damage.
Something hits you but does no damage. Something hits you.
You miss something. Something hits you but does no damage.
Something hits you but does no damage.
You closely miss something. Something barely misses you.
You slash something! Something hits you. Something hits you but does no damage.
Something hits you but does no damage. x2
Something hits you but does no damage.
You closely miss something. Something hits you.
Something hits you but does no damage. Something hits you. Something hits you.
Something hits you but does no damage. Something hits you but does no damage.
You hit something. Something hits you but does no damage.
You closely miss something. Something hits you!
Xom is interested.
You hit something but do no damage. Something hits you but does no damage.
Something barely misses you. Something completely misses you.
You slash something! Something hits you.
You hit something. Something hits you but does no damage. Something hits you!
You die... "It's only fun and games until someone loses an eye."

....#...........
..####........# .##
#......##
..#####.......#
..%##...#.....#
....#.........#
...##..###....##
.%.#..####.....####
.......##.......@.#
.#............#####
###..#........#.# #
##...........##
#........#..### # .
.............#..# ≈
..............# ≈
≈...........#.#.#
≈≈ ≈........####.#
#


There were no monsters in sight!

Table legend:
 A = Kills in this place as a percentage of kills in entire the game.
 B = Kills by you in this place as a percentage of kills by you in the entire game.
 C = Kills by friends in this place as a percentage of kills by friends in the entire game.
 D = Other kills in this place as a percentage of other kills in the entire game.
 E = Experience gained in this place as a percentage of experience gained in the entire game.
 F = Experience gained in this place divided by the number of levels of this place that you have seen.
                   A       B       C       D       E      F
               +-------+-------+-------+-------+-------+----------------------
         Total | 100.0 | 100.0 | 100.0 | 100.0 | 100.0 | 1269.5
       Dungeon |  88.5 |  88.7 | 100.0 |  50.0 |  85.6 | 1304.6
          Lair |   4.5 |   4.0 |   0.0 |  50.0 |  11.2 | 1701.0
       Ossuary |   7.0 |   7.2 |   0.0 |   0.0 |   3.2 | 487.0
               +-------+-------+-------+-------+-------+----------------------

Vanquished Creatures
  2 hydras
  The ghost of haldagan the Blocker, an experienced OpFi of Okawaru (D:9)
  A flayed ghost (D:10)
  Pikel (D:8)
  An unseen horror (D:10)
  A hill giant (D:10)
  A spriggan (Lair:1)
  A wyvern (D:9)
  3 shadows (D:10)
  6 yaks
  2 wraiths (D:10)
  2 fire bats (D:10)
  4 ice beasts
  2 porcupines
  A black bear (D:10)
  A centaur (D:7)
  6 ogres
  An eye of draining (D:8)
  3 orc warriors
  8 giant frogs
  A crocodile (Lair:1)
  2 big kobolds (D:9)
  5 water moccasin zombies (Ossuary)
  A scorpion (D:5)
  A water moccasin skeleton (D:10)
  3 killer bees (D:9)
  3 jellies
  4 crimson imps
  A centaur zombie (D:7)
  2 goliath beetles (D:7)
  A giant frog zombie (D:5)
  A quasit (D:7)
  An electric eel (D:9)
  4 hounds
  9 orc wizards
  An orc priest (D:9)
  A hell rat (D:10)
  2 sheep (D:9)
  7 worker ants
  A big kobold zombie (Ossuary)
  Ijyb (D:5)
  A hound zombie (D:10)
  2 hound skeletons
  2 mummies (Ossuary)
  2 worker ant zombies (D:7)
  5 gnolls
  2 river rats (D:10)
  13 adders
  A shadow imp (D:6)
  4 giant mites
  8 worms
  3 adder zombies (Ossuary)
  An adder skeleton (D:7)
  5 giant geckos
  2 oozes
  56 orcs
  Natasha (D:3)
  2 ball pythons
  2 bat skeletons
  10 giant cockroaches
  12 goblins
  11 hobgoblins
  10 jackals
  13 quokkas
  22 bats
  7 giant newts
  2 gnoll zombies (Ossuary)
  3 hobgoblin zombies (Ossuary)
  14 kobolds
  5 kobold zombies (Ossuary)
  4 orc zombies (Ossuary)
  A quokka zombie (D:6)
  20 rats
  A spectral orc (D:5)
347 creatures vanquished.

Vanquished Creatures (collateral kills)
  A big kobold (D:9)
  A gnoll shaman (D:8)
  3 gnolls (D:8)
  An adder (D:8)
  A rat (D:8)
7 creatures vanquished.

Vanquished Creatures (others)
  A spiny frog (Lair:1)
  A fire vortex (D:6)
  An electric eel (D:9)
  3 slaves (D:9)
  A yellow wasp (Lair:1)
  An iguana (Lair:1)
  Natasha (twice) (D:3)
  A shadow imp (Lair:1)
  2 orcs
  A butterfly (D:2)
  A plant (Lair:1)
15 creatures vanquished.

Grand Total: 369 creatures vanquished

Action                   |  1- 3 |  4- 6 |  7- 9 | 10-12 || total
-------------------------+-------+-------+-------+-------++-------
Melee: Falchion          |   106 |   401 |   609 |   402 ||  1518
       Great sword       |       |       |    14 |     6 ||    20
       Scimitar          |       |       |       |    21 ||    21
 Cast: Magic Dart        |     1 |       |       |       ||     1
Evoke: Deck              |       |    10 |       |       ||    10
       Wand              |       |     5 |    41 |    21 ||    67
  Use: Scroll            |       |     7 |    13 |     8 ||    28
 Stab: Paralysed         |     1 |     6 |       |     2 ||     9
       Confused          |       |     1 |     3 |     2 ||     6
       Sleeping          |       |     1 |     1 |       ||     2
       Petrifying        |       |     1 |       |       ||     1

Vault maps used:
D:1:      dpeg_arrival_sounds_slurp
D:2:      grunt_temple_overflow_magic_moments, lemuel_doored_altar,
          nicolae_overflow_crystal_walls, grunt_temple_overflow_opulence,
          first_bread, nemelex_deck
D:3:      minivault_27, uniq_natasha
D:4:      minmay_temple_entry_mist, grunt_tough_drop
D:5:      yredelemnul_forgotten_temple_becter, serial_shops, shop,
          enter_ossuary_3, uniq_iyjb
D:6:      nicolae_ru_awakened_eye, beetle_altar_2, kennysheep_mini
D:7:      basic_altar
D:8:      serial_shops, shop
D:9:      bloody_trog, lemuel_coloured_pillars_altar, erik_orc_2,
          hangedman_ranch, uniq_pikel
D:10:     due_megacathedral, dpeg_lair_monsters
Lair:1:   grunt_forest_large_clearings, infiniplex_staircase_pool_2,
          lemuel_fruit_tree
Ossuary:  ossuary_tomb_2
